 Dungeon Crawl Stone Soup version 0.24.0-1-gfbc8707122 (webtiles) character file.

Game seed: 7524911199239853547, levelgen mode: deterministic

1014 Mrkan the Chopper (level 8, 0/73 HPs)
             Began as a Deep Dwarf Fighter on Oct 27, 2019.
             Was a Believer of Makhleb.
             Slain by an orc wizard
             ... wielding a +0 dagger
              (1 damage)
             ... on level 6 of the Dungeon.
             The game lasted 00:09:18 (4192 turns).

Mrkan the Chopper (Deep Dwarf Fighter)              Turns: 4192, Time: 00:09:19

Health: 0/73       AC: 12    Str: 21    XL:     8   Next: 1%
Magic:  5/5        EV:  7    Int:  9    God:    Makhleb [**....]
Gold:   470        SH:  0    Dex: 13    Spells: 7/7 levels left

rFire    . . .     SeeInvis .   a - +0 war axe
rCold    . . .     Gourm    .   c - +0 shield
rNeg     . . .     Faith    .   E - +0 chain mail
rPois    .         Spirit   .   t - +0 helmet
rElec    .         Reflect  .   (no cloak)
rCorr    .         Harm     .   (no gloves)
MR       +....                  y - +0 pair of boots
Stlth    ..........             (no amulet)
HPRegen  0.00/turn              (no ring)
MPRegen  0.09/turn              (no ring)

@: confused, non-regenerating
A: damage resistance, heal wounds, sense surroundings 1, no regeneration
a: Heal Wounds, Minor Destruction, Renounce Religion


You were on level 6 of the Dungeon.
You worshipped Makhleb.
Makhleb was pleased with you.
You were not hungry.

You visited 1 branch of the dungeon, and saw 6 of its levels.
You also visited: Ossuary.

You collected 470 gold pieces.

Inventory:

Hand Weapons
 a - a +0 war axe (weapon)
Missiles
 o - 7 silver javelins (quivered)
 z - a throwing net
Armour
 c - a +0 shield (worn)
 t - a +0 helmet (worn)
 y - a +0 pair of boots (worn)
 E - a +0 chain mail (worn)
Jewellery
 s - a +5 ring of intelligence {unknown}
 F - an uncursed ring of poison resistance {unknown}
 H - a cursed ring of attention {unknown}
Wands
 A - a wand of iceblast (13)
Scrolls
 e - a scroll of enchant armour {unknown}
 g - 3 scrolls of fog {unknown}
 i - 8 scrolls of remove curse {unknown}
 j - 2 scrolls of immolation {unknown}
 l - 3 scrolls of blinking {unknown}
 n - 10 scrolls of identify {unknown}
 r - a scroll of teleportation {unknown}
 v - 2 scrolls of random uselessness {unknown}
 B - a scroll of noise {unknown}
 D - a scroll of magic mapping {unknown}
Potions
 b - a potion of cancellation {unknown}
 d - 2 potions of might
 h - a potion of flight {unknown}
 k - 7 potions of curing
 m - 4 potions of mutation {unknown}
 p - 3 potions of heal wounds {unknown}
 q - a potion of degeneration {unknown}
 u - 2 potions of agility {unknown}
 w - 2 potions of brilliance {unknown}
 x - a potion of ambrosia {unknown}
 C - 2 potions of lignification {unknown}
 G - a potion of haste {unknown}
Comestibles
 f - 14 rations


   Skills:
 + Level 4.3 Fighting
 + Level 6.2 Axes
 - Level 5.1 Armour
 - Level 3.7 Dodging
 + Level 5.2 Shields
 + Level 1.5 Invocations


You had 7 spell levels left.
You didn't know any spells.
Your spell library was empty.

Dungeon Overview and Level Annotations

Branches:
Dungeon (6/15)            Ossuary (visited)
 Temple: D:4-7

Altars:
Ashenzari
Elyvilon
Makhleb
Nemelex Xobeh
Okawaru
Ru
Uskayaw
Vehumet

Shops:
D:4 (   D:5 }


Innate Abilities, Weirdness & Mutations

You are resistant to damage.
You can heal yourself by infusing magical energy.
You passively map a small area around you.
You do not regenerate.


Message History

The orc wizard gestures at you while chanting.
You resist with almost no effort. You block the orc warrior's attack.
The orc wizard gestures at you while chanting.
The magic dart hits you.
The orc warrior hits you with a +0 flail!
* * * LOW HITPOINT WARNING * * *
You block the orc's attack. The orc wizard casts a spell at you.
You are confused.
You're too confused!
You're too confused!
You're too confused!
You bump into the rock wall.
The orc wizard hits you but does no damage.
The orc barely misses you.
The orc warrior hits you with a +0 flail!
* * * LOW HITPOINT WARNING * * *
The orc wizard hits you but does no damage.
The orc wizard hits you with a +0 dagger.
You die...

........#* * #......#
#......## , #.....(#
#......# #......# #..# *
#...#..# #..# #..##.o##
#..# .# #..###o@# ##..#
*#.# #..###oo##
##...#####..#
#...##...###......#....#
#...##.................#
#.<.....).....)........#
#..................$...#
#......................#
##.......!..............
###......#.............


You could see an orc warrior, 2 orc wizards and an orc.

Vanquished Creatures
  Duvessa (D:5)
  A necrophage (D:5)
  4 ogres (D:4)
  Dowan (D:5)
  A hound (D:4)
  A centaur skeleton (D:5)
  An orc wizard (D:4)
  A worker ant (D:5)
  8 mummies (Ossuary)
  A howler monkey skeleton (D:5)
  3 gnolls (D:5)
  7 adders
  A shadow imp (D:5)
  3 oozes (D:2)
  5 worms
  A dart slug (D:4)
  3 leopard geckos
  14 orcs
  4 ball pythons
  2 giant cockroaches (D:1)
  3 gnoll zombies (Ossuary)
  6 goblins
  4 hobgoblins
  2 quokkas
  12 bats
  6 frilled lizards
  2 hobgoblin zombies (Ossuary)
  A jackal skeleton (D:4)
  7 kobolds
  A kobold zombie (Ossuary)
  A leopard gecko skeleton (D:5)
  2 orc zombies (Ossuary)
  4 rats
114 creatures vanquished.

Vanquished Creatures (others)
  An orc wizard (D:5)
  A giant cockroach (D:5)
2 creatures vanquished.

Grand Total: 116 creatures vanquished

Notes
Turn   | Place    | Note
-------+----------+-------------------------------------------
     0 | D:1      | Mrkan the Deep Dwarf Fighter began the quest for the Orb.
     0 | D:1      | Reached XP level 1. HP: 20/20 MP: 1/1
   265 | D:1      | Reached XP level 2. HP: 27/27 MP: 2/2
   953 | D:2      | Reached skill level 1 in Dodging
   987 | D:2      | Found an iron altar of Okawaru.
   994 | D:2      | Reached XP level 3. HP: 22/33 MP: 3/3
  1061 | D:2      | Reached skill level 3 in Axes
  1199 | D:2      | Found an iron altar of Okawaru.
  1233 | D:2      | Reached XP level 4. HP: 34/42 MP: 4/4
  1494 | D:2      | Found a burning altar of Makhleb.
  1498 | D:2      | Became a worshipper of Makhleb the Destroyer
  1668 | D:3      | Found a hide-covered altar of Uskayaw.
  1668 | D:3      | Noticed a +0 dagger
  1668 | D:3      | Noticed a +0 hand axe
  2222 | D:3      | Found a white marble altar of Elyvilon.
  2478 | D:4      | Noticed an ogre
  2484 | D:4      | Killed an ogre
  2484 | D:4      | Reached skill level 4 in Axes
  2484 | D:4      | Reached XP level 5. HP: 25/49 MP: 4/4
  2560 | D:4      | Found Haon's Weapon Shoppe.
  2620 | D:4      | Noticed an ogre
  2637 | D:4      | Noticed an ogre
  2644 | D:4      | Killed an ogre
  2644 | D:4      | Reached XP level 6. HP: 53/56 MP: 4/4
  2649 | D:4      | Reached * piety under Makhleb
  2735 | D:4      | Reached skill level 5 in Axes
  2735 | D:4      | Reached XP level 7. HP: 51/63 MP: 5/5
  2820 | D:4      | Found a shattered altar of Ashenzari.
  2895 | D:4      | Found a sacrificial altar of Ru.
  2968 | D:5      | Entered Level 5 of the Dungeon
  2997 | D:5      | Found a radiant altar of Vehumet.
  3060 | D:5      | Found Nivvoeptutt's Gadget Shop.
  3089 | D:5      | Noticed Dowan
  3098 | D:5      | Noticed Duvessa
  3113 | D:5      | Killed Dowan
  3130 | D:5      | Killed Duvessa
  3130 | D:5      | Reached skill level 5 in Armour
  3199 | D:5      | Found a sand-covered staircase.
  3212 | Ossuary  | Entered an ossuary
  3269 | Ossuary  | Reached ** piety under Makhleb
  3310 | Ossuary  | Reached skill level 6 in Axes
  3583 | D:5      | Reached skill level 5 in Shields
  3809 | D:5      | Reached skill level 1 in Invocations
  3854 | D:5      | Reached XP level 8. HP: 31/73 MP: 5/5
  3962 | D:5      | Found a sparkling altar of Nemelex Xobeh.
  4192 | D:6      | HP: 1/73 [orc warrior/+0 flail (13)]
  4192 | D:6      | Slain by an orc wizard

Levels and vault maps discovered:
D:1:      dpeg_arrival_concentric_ovals, layout_loops_corners, bh_walls_and_bars
D:2:      layout_loops_ring, nicolae_overflow_crystal_walls, marbit_many_paths,
          first_ration, minmay_hexomino_r4
D:3:      layout_basic, dancing_weapons_uskayaw, elyvilon_altar_5
D:4:      layout_rooms, lemuel_round_altar, nicolae_ru_path_of_blood,
          serial_shops, nicolae_shop_statue_plus,
          minmay_fractal_squares_diagonal_5
D:5:      layout_basic, fiery_altar_vehumet, serial_shops,
          nicolae_shop_window_shopping, basic_altar,
          nicolae_ossuary_entry_ruins, uniq_duvessa
D:6:      layout_layer_cave, fedhas_altar_decomposition,
          minmay_temple_entry_tees, lemuel_tele_altar

Skill      XL: |  1  2  3  4  5  6  7 |
---------------+----------------------+-----
Dodging        | 1 2 3 |  3.7
Axes           | 3 4 5 6 |  6.2
Fighting       | 3 4 |  4.3
Armour         | 4 5 |  5.1
Shields        | 4 5 |  5.2
Invocations    | 1 |  1.5

Action                   |  1- 3 |  4- 6 |  7- 9 || total
-------------------------+-------+-------+-------++-------
Melee: War axe           |   120 |   110 |   146 ||   376
 Abil: Heal Wounds       |     1 |     6 |     2 ||     9
  Eat: Chunk             |     1 |     5 |     5 ||    11
Armor: Scale mail        |    88 |    63 |     1 ||   152
       Chain mail        |       |       |    57 ||    57
Dodge: Dodged            |    52 |    77 |    59 ||   188
Block: Shield            |    74 |    82 |    82 ||   238
